Map: 젠 - 래더

Players

Rogue

  • Race: Zerg Zerg
  • Spawn Location: 7:00

Zest - Winner!

  • Race: Protoss Protoss
  • Spawn Location: 1:00

Event: IEM Katowice 2020

VOD

Have the link to the VOD?

Description

Time

  • Played on: Feb. 27, 2020, 9:19 a.m.
  • Length: 9:35

All games in this series

Show
View Real Time Build Order
Export as new Build Order

Rogue Zerg 

Build Orders: Hatch First 

Get SALT Encoding   

  12  0:00  Drone  
  13  0:08  Drone  
  14  0:16  Overlord  
  14  0:22  Extractor, Drone  
  15  0:42  Drone x2  
  17  0:51  Hatchery  
  17  0:55  Drone  
  17  0:58  Drone  
  18  1:08  Extractor  
  17  1:14  Spawning Pool  
  17  1:17  Drone  
  17  1:21  Drone  
  18  1:27  Drone  
  19  1:37  Drone  
  20  1:48  Overlord  
  20  2:01  Queen  
  20  2:03  Queen  
  20  2:04  Zergling x4  
  26  2:13  Drone  
  27  2:16  Drone  
  28  2:23  Drone  
  28  2:26  Drone  
  30  2:33  Drone  
  31  2:42  Hatchery  
  30  2:45  Pneumatized Carapace  
  30  2:48  Drone x3  
  33  2:56  Queen  
  35  3:00  Overlord  
  35  3:03  Drone  
  36  3:19  Drone x5  
  41  3:23  Overlord  
  41  3:26  Drone  
  42  3:32  Drone  
  43  3:35  Spore Crawler  
  43  3:39  Metabolic Boost  
  43  3:42  Drone x3  
  43  3:43  Drone  
  43  3:44  Queen  
  43  3:46  Overlord  
  49  3:51  Queen  
  51  3:58  Zergling x2, Baneling Nest  
  51  3:59  Zergling x4  
  53  4:05  Zergling x8  
  53  4:07  Drone  
  53  4:08  Drone  
  59  4:12  Overlord  
  59  4:18  Zergling x4  
  59  4:20  Spine Crawler  
  60  4:26  Zergling x12  
  66  4:33  Zergling x6  
  69  4:42  Zergling x2  
  69  4:44  Zergling x2, Baneling x4  
  69  4:45  Zergling x2  
  69  4:49  Zergling x2  
  70  4:53  Zergling x4  
  72  5:00  Zergling x2  
  72  5:02  Overlord x2  
  72  5:04  Queen  
  71  5:07  Drone x3  
  71  5:10  Overlord  
  71  5:11  Drone x2  
  71  5:12  Drone  
  67  5:15  Zergling x4  
  67  5:17  Zergling x2  
  67  5:23  Drone x2  
  67  5:24  Drone  
  67  5:28  Lair  
  67  5:32  Zergling x2  
  67  5:34  Zergling x2  
  69  5:36  Spore Crawler, Extractor  
  69  5:37  Extractor  
  69  5:38  Drone  
  67  5:43  Drone x2  
  67  5:45  Extractor  
  67  5:49  Drone  
  68  5:52  Drone x2  
  68  5:53  Drone  
  68  5:54  Drone x2, Evolution Chamber  
  72  5:58  Drone  
  72  6:04  Drone x2  
  75  6:08  Drone  
  75  6:10  Extractor  
  69  6:15  Drone x7  
  69  6:18  Extractor, Drone  
  75  6:22  Drone  
  75  6:23  Zerg Melee Weapons Level 1  
  75  6:24  Drone  
  75  6:25  Drone x2  
  80  6:28  Drone, Centrifical Hooks  
  80  6:29  Hydralisk Den  
  80  6:32  Overseer  
  80  6:35  Zergling x2  
  80  6:36  Zergling x4  
  83  6:42  Zergling x2  
  83  6:43  Zergling x8, Overseer  
  83  6:46  Drone  
  83  6:47  Drone x2  
  91  6:51  Overlord  
  91  7:00  Overlord  
  91  7:02  Hatchery, Grooved Spines, Hydralisk x2  
  94  7:09  Baneling  
  94  7:10  Baneling x3  
  94  7:12  Baneling  
  94  7:13  Baneling x2  
  94  7:15  Hydralisk x4  
  94  7:16  Overlord  
  94  7:20  Overlord  
  94  7:21  Overlord  
  102  7:24  Overlord  
  102  7:28  Drone  
  102  7:31  Spore Crawler, Hydralisk x2  
  102  7:32  Hydralisk  
  106  7:38  Hydralisk x3  
  106  7:40  Zergling x2  
  106  7:42  Drone  
  106  7:43  Drone  
  114  7:45  Drone  
  114  7:46  Drone  
  115  7:52  Drone x4  
  115  7:53  Drone x2  
  115  7:58  Hydralisk x3  
  127  8:06  Hydralisk x4  
  127  8:12  Zergling x2  
  136  8:13  Extractor, Muscular Augments  
  136  8:17  Baneling x2  
  136  8:18  Baneling x7  
  136  8:19  Zergling x6  
  138  8:22  Zergling x4  
  140  8:27  Zergling x10  
  140  8:29  Zergling x4  
  140  8:30  Zergling x2  
  140  8:32  Zergling x4  
  140  8:33  Zergling x2  
  151  8:41  Baneling x9  
  151  8:44  Overlord  
  151  8:45  Overlord  
  151  8:48  Overlord  
  151  8:49  Overlord  
  151  8:52  Extractor  
  146  8:56  Zergling x4  
  146  9:02  Zergling x20  
  141  9:07  Zergling x2  
  122  9:11  Zergling x4  
Show
View Real Time Build Order
Export as new Build Order

Zest Protoss - Winner!

Build Orders: 1 Gate Expand, Mass Adepts 

Get SALT Encoding   

  12  0:00  Probe  
  13  0:14  Pylon  
  13  0:18  Probe (Chrono Boost)  
  14  0:28  Probe (Chrono Boost)  
  15  0:33  Probe (Chrono Boost)  
  16  0:41  Gateway  
  16  0:44  Probe  
  17  0:51  Assimilator  
  17  0:56  Probe  
  18  1:09  Probe  
  19  1:21  Probe  
  20  1:27  Nexus  
  20  1:36  Cybernetics Core  
  20  1:39  Probe  
  21  1:47  Assimilator  
  21  1:51  Probe  
  22  1:54  Pylon  
  22  2:04  Probe (Chrono Boost)  
  23  2:13  Warp Gate, Stalker  
  26  2:16  Probe (Chrono Boost)  
  26  2:21  Probe (Chrono Boost)  
  27  2:32  Probe (Chrono Boost)  
  27  2:34  Twilight Council  
  28  2:39  Probe (Chrono Boost)  
  30  2:44  Probe (Chrono Boost)  
  30  2:48  Probe (Chrono Boost)  
  30  2:50  Probe (Chrono Boost)  
  32  2:52  Robotics Facility  
  32  2:53  Probe (Chrono Boost)  
  33  3:04  Gateway  
  33  3:07  Gateway  
  33  3:08  Resonating Glaives (Chrono Boost)  
  33  3:15  Adept  
  35  3:22  Gateway  
  35  3:28  Pylon  
  35  3:33  Probe x2  
  37  3:37  Warp Prism (Chrono Boost)  
  39  3:45  Pylon  
  39  3:46  Probe  
  40  3:51  Probe  
  41  3:58  Probe  
  41  4:02  Adept x3  
  48  4:04  Pylon  
  48  4:07  Probe  
  48  4:09  Observer  
  50  4:10  Probe  
  51  4:19  Probe  
  52  4:24  Adept x4  
  52  4:29  Pylon  
  60  4:32  Probe x2  
  62  4:46  Adept x4  
  70  4:58  Pylon  
  68  5:13  Adept x4  
  70  5:15  Probe x2, Nexus  
  68  5:27  Probe, Forge  
  68  5:28  Probe  
  58  5:33  Assimilator  
  58  5:35  Sentry x2  
  60  5:37  Assimilator  
  60  5:39  Shield Battery  
  60  5:40  Adept  
  60  5:42  Adept  
  66  5:49  Pylon x2  
  66  5:50  Probe x2 (Chrono Boost)  
  66  5:53  Protoss Ground Weapons Level 1  
  68  6:01  Probe x2 (Chrono Boost)  
  70  6:06  Probe x2 (Chrono Boost)  
  70  6:16  Probe  
  70  6:18  Pylon, Immortal (Chrono Boost)  
  71  6:19  Probe  
  71  6:23  Charge  
  76  6:25  Assimilator  
  76  6:29  Probe (Chrono Boost)  
  76  6:30  Assimilator  
  76  6:31  Probe (Chrono Boost)  
  79  6:36  Probe (Chrono Boost)  
  80  6:41  Probe (Chrono Boost)  
  80  6:44  Probe (Chrono Boost)  
  80  6:45  Gateway  
  80  6:46  Probe x2 (Chrono Boost)  
  82  6:53  Probe  
  82  6:54  Templar Archives  
  84  6:55  Probe  
  84  6:56  Gateway  
  84  6:58  Probe  
  84  7:00  Gateway  
  86  7:02  Gateway  
  86  7:09  Immortal  
  86  7:12  Pylon  
  86  7:14  Gateway  
  90  7:17  Gateway  
  85  7:32  Stalker x3  
  85  7:35  Stalker  
  91  7:48  Immortal  
  95  8:01  High Templar x4  
  95  8:03  Zealot x2  
  107  8:11  Archon x2  
  107  8:14  Zealot x4  
  107  8:17  Pylon  
  115  8:37  High Templar x2  
  115  8:38  Zealot x8  
  135  8:44  Archon  
  113  9:04  Zealot x3  
  113  9:05  Zealot x5  
  119  9:10  Zealot  
  119  9:11  Zealot  
  105  9:24  Zealot x2  
  105  9:25  High Templar x4  
  105  9:26  Zealot x2  
  105  9:30  Archon x2  

Tags
 
Add a new tag
Caveats
  • Supply blocks, unpowered buildings, or Contaminate may cause inaccurate times.
  • Supply counts are checked every 10 seconds.